AoeStats
← [GDL] Maldito Pantoja

Pilgrims

508148744Analyzed
4v4 RM · 11d ago on Sep 21, 2026· 46m 43s· 8 players
Game mode
Random Map
Map size
Large (8 player)
Population
200
Speed
Normal
Resources
Standard
Victory
Conquest
Starting age
Dark Age
Ending age
Imperial Age
RankedLock teamsTeams togetherTeam positionsShared explorationLock speedFull tech treeHidden civsTurbo modeCheats
Victory
Defeat
🇲🇽 Khmer · Mexico
1402
+8
🇲🇽 Cumans · Mexico
1326
+11
🇨🇳 Celts · China
1274
+13
🇺🇸 Koreans · United States
1260
+14
🇦🇷 Khmer · Argentina
1241
-13
🇦🇷 Japanese · Argentina
1215
-12
🇳🇿 Burmese · New Zealand
1205
-11
🇲🇽 Mongols · Mexico
1186
-10
Ringo
3:18 Loom
11:20 Feudal Age
12:01 Double-Bit Axe
16:46 Wheelbarrow
21:05 Town Watch
25:06 Castle Age
23:34 Fishing Lines
23:48 Fletching
26:07 Medium Warships
25:52 Gillnets
27:06 Bow Saw
27:15 Bodkin Arrow
33:12 Imperial Age
33:05 Hand Cart
34:16 Bloodlines
34:32 Conscription
34:30 Gold Mining
35:39 Scale Barding Armor
35:45 Forging
37:26 Gold Shaft Mining
36:26 Cavalier
36:44 Elite Steppe Lancer
38:42 Chain Barding Armor
44:08 Two-Man Saw
47:40 Plate Barding Armor
47:41 Iron Casting
.
5:09 Loom
14:00 Feudal Age
17:10 Castle Age
16:05 Horse Collar
16:10 Double-Bit Axe
17:34 Town Watch
18:56 Wheelbarrow
18:25 Heavy Plow
18:55 Bow Saw
30:06 Stone Mining
33:59 Imperial Age
31:54 Scale Barding Armor
31:59 Forging
33:46 Bloodlines
33:36 Husbandry
33:57 Chain Barding Armor
34:12 Iron Casting
34:09 Tusk Swords
35:58 Plate Barding Armor
36:07 Stone Shaft Mining
35:22 Gold Mining
36:06 Conscription
35:59 Elite Battle Elephant
38:59 Blast Furnace
38:58 Gold Shaft Mining
39:03 Sappers
41:45 Blast Furnace
40:36 Fletching
mdecelle
4:01 Loom
4:07 Loom
13:51 Feudal Age
14:14 Fishing Lines
15:14 Double-Bit Axe
16:13 Wheelbarrow
21:38 Fletching
30:54 Castle Age
31:26 Gillnets
31:47 Medium Warships
32:09 Bow Saw
32:08 Bodkin Arrow
34:11 Gold Mining
34:15 Stone Mining
36:43 Gold Mining
37:28 Stone Shaft Mining
39:08 Ballistics
39:50 Hand Cart
44:00 Imperial Age
41:51 Hand Cart
44:19 Town Watch
44:38 Elite War Wagon
45:32 Town Patrol
46:20 Conscription
卑牧之
7:04 Loom
13:44 Feudal Age
17:35 Castle Age
17:59 Stone Mining
18:41 Double-Bit Axe
18:40 Horse Collar
21:58 Bow Saw
23:16 Scale Mail Armor
23:27 Forging
25:36 Chain Mail Armor
26:45 Wheelbarrow
31:46 Imperial Age
30:59 Fletching
32:02 Padded Archer Armor
31:57 Bodkin Arrow
32:23 Elite Skirmisher
34:51 Leather Archer Armor
39:32 Ballistics
43:34 Town Watch
46:17 Pikeman
[GDL] Maldito Pantoja
3:19 Loom
12:42 Feudal Age
17:45 Castle Age
18:34 Fletching
18:44 Padded Archer Armor
18:45 Double-Bit Axe
27:03 Bodkin Arrow
29:31 Gold Mining
Solcito
14:42 Feudal Age
15:47 Loom
15:26 Man-at-Arms
19:01 Castle Age
17:35 Scale Mail Armor
18:45 Horse Collar
22:30 Double-Bit Axe
25:34 Heavy Plow
27:14 Bow Saw
29:13 Wheelbarrow
28:23 Town Watch
30:17 Scale Barding Armor
29:35 Light Cavalry
31:32 Bloodlines
31:53 Chain Barding Armor
32:17 Forging
32:00 Fishing Lines
33:35 Iron Casting
33:40 Hand Cart
33:33 Husbandry
33:38 Gillnets
37:57 Imperial Age
39:21 Plate Barding Armor
39:46 Blast Furnace
38:47 Cavalier
41:43 Hussar
43:25 Crop Rotation
Luchote
6:30 Loom
14:23 Feudal Age
18:07 Castle Age
16:35 Fletching
17:05 Gold Mining
17:39 Padded Archer Armor
18:59 Medium Warships
18:45 Bodkin Arrow
19:46 Leather Archer Armor
23:01 Ballistics
24:43 Town Watch
34:55 Imperial Age
36:17 Wheelbarrow
35:47 Scale Mail Armor
35:32 Horse Collar
37:17 Chain Mail Armor
37:57 Conscription
37:54 Heavy Plow
42:00 Chain Mail Armor
41:56 Forging
ttambow
4:56 Loom
6:08 Loom
12:13 Feudal Age
14:55 Scale Barding Armor
15:22 Fletching
16:29 Forging
16:42 Fishing Lines
19:24 Wheelbarrow
22:25 Castle Age
25:23 Bloodlines
37:40 Padded Archer Armor
40:33 Light Cavalry
41:14 Husbandry
Connection lost

Rejoining the realm…

Still unreachable

The connection could not be restored.

Session expired

The server has moved on; the page needs a fresh start.